 Dungeon Crawl Stone Soup version 0.29.0-4-gdea44cf6ec (webtiles) character file.

Game seed: 8935393090960460467

8149 MeatBomb the Blocker (level 11, 0/95 HPs)
             Began as a Minotaur Berserker on Aug 27, 2022.
             Was a High Priest of Trog.
             Slain by a titanic slime creature (95 damage)
             ... on level 10 of the Dungeon on Aug 28, 2022.
             The game lasted 01:01:37 (9677 turns).

MeatBomb the Blocker (Minotaur Berserker)           Turns: 9677, Time: 01:01:38

Health: 0/95       AC: 19    Str: 27    XL:     11   Next: 6%
Magic:  19/19      EV: 11    Int:  4    God:    Trog [*****.]
Gold:   425        SH:  8    Dex: 11    Spells: 10/10 levels left

rFire   . . .      SeeInvis .   a - +7 whip "Leviticus" {venom, rCorr MP+9}
rCold   . . .      Faith    .   r - +1 buckler
rNeg    + . .      Spirit   .   O - +5 ring mail of the Tundras {rCorr Str+2 Slay+4 Stlth-}
rPois   .          Reflect  .   (helmet restricted)
rElec   .          Harm     .   g - +2 cloak
rCorr   +          Rampage  .   (no gloves)
Will    .....                   (no boots)
Stlth   ..........              D - amulet of regeneration
HPRegen 1.05/turn               w - +4 ring of protection
MPRegen 0.16/turn               k - ring of positive energy

@: no status effects
A: horns 2, retaliatory headbutt
a: Renounce Religion, Berserk, Trog's Hand, Brothers in Arms


You were on level 10 of the Dungeon.
You worshipped Trog.
Trog was extremely pleased with you.
You visited 2 branches of the dungeon, and saw 11 of its levels.

You collected 425 gold pieces.

Inventory:

Hand Weapons
 a - the +7 whip "Leviticus" (weapon) {venom, rCorr MP+9}
   (You found it on level 5 of the Dungeon)

   It poisons the flesh of those it strikes.
   MP:        It affects your magic capacity (+9).
   rCorr:     It protects you from acid and corrosion.
 b - a +0 sling
 t - a +4 spectral whip
 A - a +4 halberd
 F - a +3 battleaxe of freezing
 G - a +4 flail of freezing
 M - a +0 war axe
 P - a +5 war axe
Missiles
 c - 97 stones
 e - 49 poisoned darts (quivered)
 p - 9 boomerangs
 E - a throwing net
Armour
 g - a +2 cloak (worn)
 r - a +1 buckler (worn)
 v - the +1 ring mail of Pemm {rPois}
   (You found it on level 4 of the Dungeon)

   rPois:     It protects you from poison.
 O - the +5 ring mail of the Tundras (worn) {rCorr Str+2 Slay+4 Stlth-}
   (You found it on level 9 of the Dungeon)

   Str:       It affects your strength (+2).
   Slay:      It affects your accuracy & damage with ranged weapons and melee
   (+4).
   rCorr:     It protects you from acid and corrosion.
   Stlth:     It makes you less stealthy.
Jewellery
 f - a ring of protection from cold
 h - a ring of protection from cold
 k - a ring of positive energy (right hand)
 m - an amulet of the acrobat
 s - a ring of fire
 w - a +4 ring of protection (left hand)
 D - an amulet of regeneration (around neck)
 N - a ring of positive energy
Wands
 o - a wand of roots (20)
 y - a wand of paralysis (18)
 J - a wand of mindburst (16)
Scrolls
 d - 2 scrolls of identify
 j - 5 scrolls of teleportation
 z - 2 scrolls of fear
 B - a scroll of poison
 C - a scroll of butterflies
 I - a scroll of magic mapping
 K - a scroll of summoning {unknown}
 L - a scroll of torment {unknown}
Potions
 i - 6 potions of curing
 l - 2 potions of attraction
 n - a potion of heal wounds {unknown}
 q - 2 potions of lignification {unknown}
 u - a potion of ambrosia {unknown}
 x - 5 potions of brilliance
 H - a potion of haste {unknown}


   Skills:
 + Level 8.6 Fighting
 - Level 3.9(8.5) Axes
 - Level 11.7(12.0) Maces & Flails
 + Level 8.1 Armour
 - Level 2.5 Dodging
 - Level 12.4 Shields


You had 10 spell levels left.
You didn't know any spells.
Your spell library was empty.

Dungeon Overview and Level Annotations

Branches:
Dungeon (10/15)            Temple (1/1) D:7            Lair (0/5) D:9
    Orc: D:9-12

Altars:
Ashenzari
Cheibriados
Dithmenos
Elyvilon
Fedhas
Gozag
Hepliaklqana
Kikubaaqudgha
Makhleb
Nemelex Xobeh
Okawaru
Qazlal
Ru
Sif Muna
Trog
Uskayaw
Vehumet
Wu Jian
Xom
Yredelemnul
Zin
The Shining One

Shops:
D:4 !?   D:6 **(**   D:8 !


Innate Abilities, Weirdness & Mutations

You have a pair of horns on your head.
You reflexively headbutt those who attack you in melee.


Message History

A wyvern comes into view.
The wyvern hisses angrily.
The wyvern closely misses you.
You whack the wyvern!
The wyvern looks as sick as possible!
You headbutt the wyvern!
The wyvern is severely wounded.
You barely miss the wyvern. You headbutt the wyvern.
The wyvern is almost dead.
The wyvern bites you but does no damage.
You whack the wyvern!
You kill the wyvern!
Trog accepts your kill.
Found a stone staircase leading down.
Found a stone staircase leading up.
Found a stone staircase leading down.
You open the door. 5 slime creatures come into view.
The slime creature quivers. x4
Found a potion of curing.
You whack the slime creature!
The slime creature is lightly wounded.
Two slime creatures merge to form a large slime creature.
Two slime creatures merge to form a very large slime creature.
You thrash the very large slime creature!!
The very large slime creature is lightly wounded.
You whack the very large slime creature!
The very large slime creature is moderately wounded.
Two slime creatures merge to form an enormous slime creature.
Two slime creatures merge to form a titanic slime creature.
You whack the titanic slime creature!
The titanic slime creature looks as sick as possible!
Your headbutt misses the titanic slime creature.
The titanic slime creature is lightly wounded.
You whack the titanic slime creature!
The titanic slime creature looks as sick as possible!
You headbutt the titanic slime creature!
The titanic slime creature is moderately wounded.
The titanic slime creature hits you!!!!
Ouch! That really hurt!
You die...

# ..# ..## ..### #####
#..#!..... ##@J..⌠8⌠.
###..#......
###..#############
####..###...........###
##...### ##......###...###
#..### ##.....### #.....##
#.#######......## #......#
#.###...........####.......
##.#........................


You could see a titanic slime creature (extremely poisoned).

Vanquished Creatures
  Erolcha (D:9)
  A two-headed ogre (D:8)
  Pikel (D:6)
  A cyclops (D:9)
  A manticore (D:9)
  Prince Ribbit (D:9)
  3 wyverns
  7 yaks (D:8)
  3 steam dragons
  A water moccasin (D:6)
  3 orc warriors (D:9)
  2 sky beasts
  A black bear (D:6)
  2 centaurs
  3 kobold brigands
  3 bullfrogs
  3 gnoll sergeants
  2 scorpions
  3 necrophages
  20 wights
  4 howler monkeys
  2 jellies
  6 orc priests
  3 hounds
  Crazy Yiuf (D:6)
  Jessica (D:3)
  4 iguanas
  3 orc wizards
  12 gnolls
  10 adders
  2 white imps
  4 worms
  3 dart slugs
  31 orcs
  6 ball pythons
  4 bats
  10 endoplasms
  A giant cockroach (D:3)
  5 goblins
  3 hobgoblins
  4 jackals (D:1)
  14 kobolds
  3 quokkas
  2 frilled lizards (D:1)
  5 rats
205 creatures vanquished.

Vanquished Creatures (others)
  A plant (D:6)
1 creature vanquished.

Grand Total: 206 creatures vanquished

Notes
Turn   | Place    | Note
-------+----------+-------------------------------------------
     0 | D:1      | MeatBomb the Minotaur Berserker began the quest for the
                  | Orb.
     0 | D:1      | Reached XP level 1. HP: 19/19 MP: 0/0
   343 | D:1      | Reached XP level 2. HP: 26/27 MP: 1/1
   695 | D:1      | Reached skill level 1 in Maces & Flails
  1139 | D:2      | Reached XP level 3. HP: 33/33 MP: 2/2
  1146 | D:2      | Reached ** piety under Trog
  1506 | D:2      | Reached XP level 4. HP: 40/40 MP: 3/3
  1560 | D:2      | Found a faded altar of an unknown god.
  2290 | D:3      | Noticed Jessica
  2296 | D:3      | Killed Jessica
  2627 | D:3      | Reached XP level 5. HP: 16/46 MP: 4/4
  2629 | D:3      | Reached skill level 5 in Maces & Flails
  3412 | D:4      | Found Lyweug's Magic Scroll Boutique.
  3413 | D:4      | Found Coagreth's Distillery.
  3576 | D:4      | Noticed a wyvern
  3582 | D:4      | Killed a wyvern
  3583 | D:4      | Reached XP level 6. HP: 52/52 MP: 5/5
  3641 | D:4      | Found a hide-covered altar of Uskayaw.
  3646 | D:4      | Reached *** piety under Trog
  3788 | D:4      | Identified the +1 ring mail of Pemm {rPois}
  4212 | D:5      | Entered Level 5 of the Dungeon
  4227 | D:5      | Identified the +7 whip "Leviticus" {venom, rCorr MP+9}
  4541 | D:5      | Reached XP level 7. HP: 52/58 MP: 6/6
  4625 | D:5      | Found a burning altar of Makhleb.
  4834 | D:6      | Found Kistropyu's Assorted Antiques.
  4855 | D:6      | Identified the +1 scale mail "Xill" {Harm Rampage Str-5
                  | Int-5}
  4883 | D:6      | Noticed Pikel
  4896 | D:6      | Killed Pikel
  4897 | D:6      | Reached XP level 8. HP: 28/66 MP: 7/7
  5107 | D:6      | Found Deviek's Assorted Antiques.
  5270 | D:6      | Reached skill level 2 in Shields
  5279 | D:6      | Reached skill level 3 in Shields
  5392 | D:6      | Found Lourao's General Store.
  5469 | D:6      | Reached skill level 4 in Shields
  5476 | D:6      | Reached skill level 5 in Shields
  5551 | D:6      | Reached skill level 6 in Shields
  5815 | D:6      | Found Seggehaa's Antique Weapon Shop.
  5927 | D:6      | Reached XP level 9. HP: 71/71 MP: 8/8
  5937 | D:6      | Found a runed translucent door.
  5938 | D:6      | Noticed Crazy Yiuf
  6135 | D:6      | Found Eghet's Assorted Antiques.
  6264 | D:6      | Killed Crazy Yiuf
  6265 | D:6      | Reached skill level 7 in Shields
  6690 | D:7      | Found an iron altar of Okawaru.
  6700 | D:7      | Reached **** piety under Trog
  6701 | D:7      | Reached skill level 8 in Shields
  6872 | D:7      | Found an ancient bone altar of Kikubaaqudgha.
  6979 | D:7      | Found a staircase to the Ecumenical Temple.
  7071 | Temple   | Entered the Ecumenical Temple
  7279 | D:8      | Noticed a two-headed ogre
  7284 | D:8      | Killed a two-headed ogre
  7285 | D:8      | Reached skill level 10 in Shields
  7463 | D:8      | Reached skill level 11 in Shields
  7763 | D:8      | Reached skill level 12 in Shields
  7763 | D:8      | Reached XP level 10. HP: 65/78 MP: 9/9
  7861 | D:8      | Found Dubuir's Distillery.
  7927 | D:8      | Found a white marble altar of Elyvilon.
  8432 | D:8      | Reached skill level 5 in Fighting
  8582 | D:9      | Noticed Prince Ribbit
  8594 | D:9      | Killed Prince Ribbit
  8595 | D:9      | Reached skill level 5 in Armour
  8778 | D:9      | Noticed a cyclops
  8795 | D:9      | Killed a cyclops
  8900 | D:9      | Found a stormy altar of Qazlal.
  9029 | D:9      | Found a staircase to the Lair.
  9093 | D:9      | Identified the +5 ring mail of the Tundras {rCorr Str+2
                  | Slay+4 Stlth-}
  9103 | D:9      | Noticed Erolcha
  9110 | D:9      | Killed Erolcha
  9160 | D:9      | Noticed a manticore
  9172 | D:9      | Killed a manticore
  9298 | D:9      | Found a shimmering blue altar of Sif Muna.
  9446 | D:10     | Entered Level 10 of the Dungeon
  9489 | D:10     | Reached XP level 11. HP: 94/95 MP: 10/10
  9524 | D:10     | Reached ***** piety under Trog
  9677 | D:10     | Slain by a titanic slime creature

Illustrated notes

Levels and vault maps discovered:
D:1:      dpeg_arrival_pits, layout_basic, ebering_dispersal_statue_hall,
          amcnicky_mini_rare_corridor_liquid, minivault_26
D:2:      layout_rooms, hellmonk_ecumenical_altar_arch_garden,
          minmay_misc_feat_cross
D:3:      layout_rooms, uniq_jessica
D:4:      layout_loops_ring, mainiacjoe_overflow_alcove_4,
          nicolae_wooded_promenade, kennysheep_flooded_box, wad_orctagon
D:5:      kb_forest_paths, layout_gridville, mainiacjoe_overflow_paths,
          solitary_fountain, minmay_misc_feat_doors
D:6:      layout_loops_ring, serial_shops, nicolae_stop_n_shop_1,
          nicolae_lakefront_shop, kennysheep_mini,
          nicolae_shop_overgrown_old_shop, shop, st_stairs_6,
          chequers_serial_rivers_large_b, uniq_crazy_yiuf_cottage, uniq_pikel
D:7:      layout_cave_pools, okawaru_trees_2, lemuel_coloured_pillars_altar,
          temple_pool_b
D:8:      layout_loops_ring, lemuel_tele_altar, serial_shops,
          nicolae_shop_window_shopping
D:9:      layout_roguey, mainiacjoe_overflow_cross_hatched,
          general_overflow_altar, dpeg_oklobed_lair, uniq_erolcha,
          uniq_prince_ribbit1
D:10:     layout_cave_pools, grunt_decor_clamped
Temple:   bh_familiar_temple

Skill      XL: |  1  2  3  4  5  6  7  8  9 10 11 |
---------------+----------------------------------+-----
Maces & Flails | 2 3 4 7 8 11 | 11.7
Shields        | 6 12 | 12.4
Fighting       | 8 |  8.6
Armour         | 7 8 |  8.1
Axes           | |  3.9
Dodging        | |  2.5

Action                   |  1- 3 |  4- 6 |  7- 9 | 10-12 || total
-------------------------+-------+-------+-------+-------++-------
Melee: Hand axe          |    29 |       |       |       ||    29
       Headbutt          |     9 |    21 |    35 |    45 ||   110
       Whip              |    31 |   122 |   198 |   190 ||   541
 Fire: Sling             |       |       |     3 |       ||     3
Throw: Dart              |       |     6 |     7 |    11 ||    24
Invok: Berserk           |       |     2 |     1 |       ||     3
       Trog's Hand       |       |       |       |     1 ||     1
  Use: Scroll            |       |     7 |     2 |     4 ||    13
Armor: Animal skin       |    11 |       |       |       ||    11
       Ring mail         |       |    16 |    36 |    45 ||    97
Dodge: Dodged            |    34 |    64 |    46 |    60 ||   204
Block: Buckler           |       |     5 |    21 |    38 ||    64
